 Dungeon Crawl Stone Soup version 0.27-a0-585-g945025970d (webtiles) character file.

Game seed: 9187242092982462214

108 ReteAZ the Poker (level 4, 0/33 HPs)
             Began as a Demonspawn Gladiator on Mar 10, 2021.
             Slain by an orc
             ... wielding a +0 dagger
              (1 damage)
             ... on level 3 of the Dungeon.
             The game lasted 00:03:24 (2984 turns).

ReteAZ the Poker (Demonspawn Gladiator)             Turns: 2984, Time: 00:03:24

Health: 0/33       AC:  3    Str: 14    XL:     4   Next: 58%
Magic:  4/4        EV:  9    Int: 12    God:
Gold:   113        SH:  0    Dex: 15    Spells: 3/3 levels left

rFire    . . .     SeeInvis .   a - +0 trident
rCold    . . .     Faith    .   h - +0 kite shield
rNeg     . . .     Spirit   .   b - +0 leather armour
rPois    .         Reflect  .   (helmet restricted)
rElec    .         Harm     .   (no cloak)
rCorr    .         Rampage  .   (no gloves)
Will     .....                  (no boots)
Stlth    +.........             (no amulet)
HPRegen  0.11/turn              (no ring)
MPRegen  0.09/turn              (no ring)

@: confused
A: antennae 1, big brain 1, demonic magic 1
a: no special abilities


You were on level 3 of the Dungeon.
You visited 1 branch of the dungeon, and saw 3 of its levels.

You collected 113 gold pieces.

Inventory:

Hand Weapons
 a - a +0 trident (weapon)
Missiles
 d - 3 throwing nets (quivered)
Armour
 b - a +0 leather armour (worn)
 c - a +0 helmet
 h - a +0 kite shield (worn)
Wands
 i - a wand of iceblast (9)
Scrolls
 e - 2 scrolls of identify {unknown}
 f - 2 scrolls of teleportation {unknown}
 g - a scroll of amnesia {unknown}


   Skills:
 - Level 2.0 Fighting
 + Level 4.9 Polearms
 - Level 1.7 Throwing
 - Level 2.6 Dodging


You had 3 spell levels left.
You didn't know any spells.
Your spell library was empty.

Dungeon Overview and Level Annotations

Branches:
Dungeon (3/15)

Altars:
The Shining One


Innate Abilities, Weirdness & Mutations

You have a pair of small antennae on your head.
You have an unusually large brain. (Int +2)
Spells you cast may paralyse adjacent enemies.


Message History

The kobold throws a stone.
You block the stone.
An orc comes into view. It is wielding a +0 dagger.
The orc wizard points at you and mumbles some strange words.
The magic dart hits you.
You closely miss the orc wizard.
The orc wizard gestures at you while chanting.
You are confused.
The orc hits you but does no damage. The orc wizard casts a spell at you.
You are more confused.
You are too confused!
You are too confused!
You are too confused!
You are too confused!
You are too confused!
You bump into the rock wall.
The orc shouts!
An orc opens the door.
The orc wizard hits you with a +0 dagger.
You closely miss the orc. The orc hits you with a +0 short sword.
The orc wizard closely misses you.
You miss the orc. The orc hits you but does no damage.
The orc hits you with a +0 short sword.
The orc wizard hits you but does no damage.
The kobold barely misses you. The orc closely misses you.
You closely miss the kobold. The orc closely misses you.
The orc wizard hits you with a +0 dagger.
The kobold closely misses you. The orc completely misses you.
The orc closely misses you.
Your shield prevents you from hitting the orc.
The kobold hits you. The orc hits you. The orc hits you with a +0 short sword.
You closely miss the orc. The orc hits you but does no damage.
The orc closely misses you. The kobold closely misses you.
The orc wizard points at you and mumbles some strange words.
The magic dart hits you!
* * * LOW HITPOINT WARNING * * *
The orc completely misses you. The orc hits you.
* * * LOW HITPOINT WARNING * * *
The orc hits you with a +0 dagger.
You die...

######### #.......#
#.(.....# #.......#
###.......###
...?........##########
......................
###..K.###.....###### .
#=)o@###..........# .
......ooo............##.
.###....####..........#.
......# #.....###...#
#.###... #.....# #....
#. ......<....(# ##... #
...##......)# #...
....######..## #... ....
###.


You could see an orc wizard, 3 orcs and a kobold.

Vanquished Creatures
  An orc priest (D:1)
  3 adders
  2 oozes
  4 orcs
  2 giant cockroaches
  4 goblins (D:2)
  5 hobgoblins
  4 kobolds
  10 bats
  3 frilled lizards
  6 rats
44 creatures vanquished.

Vanquished Creatures (others)
  A fungus (D:1)
1 creature vanquished.

Grand Total: 45 creatures vanquished

Notes
Turn   | Place    | Note
-------+----------+-------------------------------------------
     0 | D:1      | ReteAZ the Demonspawn Gladiator began the quest for the
                  | Orb.
     0 | D:1      | Reached XP level 1. HP: 16/16 MP: 1/1
   300 | D:1      | Reached skill level 3 in Polearms
   448 | D:1      | Gained mutation: You have a pair of small antennae on your
                  | head. [demonic ancestry]
   448 | D:1      | Reached XP level 2. HP: 17/22 MP: 2/2
  1107 | D:1      | Reached skill level 4 in Polearms
  1107 | D:1      | Gained mutation: You have an unusually large brain. (Int
                  | +2) [demonic ancestry]
  1107 | D:1      | Reached XP level 3. HP: 14/27 MP: 3/3
  1512 | D:2      | Gained mutation: Spells you cast may paralyse adjacent
                  | enemies. [demonic ancestry]
  1512 | D:2      | Reached XP level 4. HP: 27/33 MP: 4/4
  2984 | D:3      | HP: 1/33 [orc (3)]
  2984 | D:3      | Slain by an orc

Illustrated notes

Levels and vault maps discovered:
D:1:      dpeg_arrival_water_fire, layout_rooms, minmay_pentomino_o2
D:2:      layout_loops_ring
D:3:      layout_basic, nicolae_tso_carved_into_rock

Skill      XL: |  1  2 |
---------------+-------+-----
Polearms       | 3 4 |  4.9
Fighting       | |  2.0
Throwing       | |  1.7
Dodging        | |  2.6

Action                   |  1- 3 |  4- 6 || total
-------------------------+-------+-------++-------
Melee: Trident           |   105 |    88 ||   193
Armor: Leather armour    |    42 |    10 ||    52
Dodge: Dodged            |    71 |    41 ||   112
Block: Kite shield       |       |     1 ||     1

Table legend: (Time is in decaauts)
 A = Elapsed time spent in this place.
 B = Non-inter-level travel time spent in this place.
 C = Inter-level travel time spent in this place.
 D = Time resting spent in this place.
 E = Time spent auto-exploring this place.
 F = Levels seen in this place.
 G = Mean time per level.
                   A        B        C        D        E       F      G
               +--------+--------+--------+--------+--------+-----+--------+
         Total |   3007 |   2960 |     47 |    820 |   1690 |   3 | 1002.3 |
       Dungeon |   3007 |   2960 |     47 |    820 |   1690 |   3 | 1002.3 |
               +--------+--------+--------+--------+--------+-----+--------+

Top non-repeatable levels by time:
     D:1: 1377 daAuts
     D:2: 1284 daAuts
     D:3: 345 daAuts
